 Dungeon Crawl Stone Soup version 0.25-a0-294-gea9b1ad378 (webtiles) character file.

Game seed: 1098169715895306146, levelgen mode: deterministic

8904 Error4North the Cleaver (level 11, 0/92 HPs)
             Began as a Hill Orc Fighter on Dec 17, 2019.
             Was an Elder of Okawaru.
             Killed by vampiric draining
             ... invoked by a vampire
              (15 damage)
             ... on level 10 of the Dungeon.
             The game lasted 01:15:56 (10605 turns).

Error4North the Cleaver (Hill Orc Fighter)         Turns: 10605, Time: 01:15:56

Health: 0/92       AC: 20    Str: 21    XL:     11   Next: 38%
Magic:  27/27      EV:  6    Int: 10    God:    Okawaru [****..]
Gold:   533        SH: 11    Dex: 10    Spells: 19/19 levels left

rFire    . . .     SeeInvis .   O - +4 war axe
rCold    . . .     Gourm    .   c - +0 shield
rNeg     . . .     Faith    .   L - +0 plate armour
rPois    .         Spirit   .   y - +0 helmet
rElec    .         Reflect  .   r - +0 cloak
rCorr    .         Harm     .   i - +2 pair of gloves
MR       .....                  q - +0 pair of boots
Stlth    ..........             E - amulet of regeneration
HPRegen  0.65/turn              A - ring of magical power
MPRegen  0.20/turn              (no ring)

@: no status effects
A: no striking features
a: Heroism, Renounce Religion


You were on level 10 of the Dungeon.
You worshipped Okawaru.
Okawaru was greatly pleased with you.
You were very hungry.

You visited 2 branches of the dungeon, and saw 11 of its levels.
You also visited: Sewer.

You collected 533 gold pieces.

Inventory:

Hand Weapons
 d - a +2 spear of venom
 k - a +1 hunting sling of velocity
 O - a +4 war axe (weapon)
 P - the +4 mace "Yweoneca" {venom, Dex+2, unknown}
   (You found it on level 10 of the Dungeon)

   It poisons the flesh of those it strikes.
   It affects your dexterity (+2).
Missiles
 g - 3 silver boomerangs
 h - 292 stones (quivered)
 G - 34 sling bullets
Armour
 c - a +0 shield (worn)
 i - a +2 pair of gloves (worn)
 q - a +0 pair of boots (worn)
 r - a +0 cloak (worn)
 y - a +0 helmet (worn)
 L - a +0 plate armour (worn)
Jewellery
 A - a ring of magical power (left hand)
 E - an amulet of regeneration (around neck)
Wands
 n - a wand of iceblast (7)
 C - a wand of flame (22)
 D - a wand of acid (6)
 K - a wand of disintegration (3)
 N - a wand of paralysis (10)
Scrolls
 b - 5 scrolls of enchant armour {unknown}
 j - 4 scrolls of noise {unknown}
 m - 5 scrolls of enchant weapon {unknown}
 o - 3 scrolls of fog {unknown}
 p - 10 scrolls of identify {unknown}
 s - 3 scrolls of remove curse
 t - 2 scrolls of blinking {unknown}
 x - 3 scrolls of magic mapping
 B - a scroll of fear {unknown}
 F - 5 scrolls of teleportation {unknown}
 I - a scroll of immolation {unknown}
Potions
 a - 3 potions of flight {unknown}
 e - a potion of heal wounds
 l - a potion of haste
 u - 2 potions of curing
 v - a potion of brilliance {unknown}
 w - a potion of lignification
 z - a potion of agility {unknown}
 H - a potion of cancellation {unknown}
 J - a potion of might
 M - a potion of mutation {unknown}
Comestibles
 f - 21 rations


   Skills:
 + Level 7.4 Fighting
 + Level 10.2 Axes
 + Level 4.3(4.4) Slings
 + Level 1.1(3.0) Throwing
 * Level 7.7 Armour
 + Level 2.0 Dodging
 + Level 2.7 Stealth
 * Level 9.4 Shields
 * Level 4.9 Spellcasting
 * Level 5.1 Invocations
 + Level 2.0 Evocations


You had 19 spell levels left.
You didn't know any spells.
Your spell library contained the following spells:

 Spells                   Type           Power        Failure   Level  Hunger
 Confusing Touch          Hex            #.....       100%        1    #......
 Foxfire                  Conj/Fire      #...         100%        1    #......
 Confuse                  Hex            #.......     100%        3    ###....
 Conjure Flame            Conj/Fire      #.......     100%        3    ###....
 Gell's Gravitas          Tloc           #.........   100%        3    ###....
 Inner Flame              Hex/Fire       #.......     100%        3    ###....
 Petrify                  Tmut/Erth      #.......     100%        4    #####..
 Sticky Flame             Conj/Fire      #.......     100%        4    #####..
 Fireball                 Conj/Fire      #.........   100%        5    ######.
 Metabolic Englaciation   Hex/Ice        #.........   100%        5    ######.
 Yara's Violent Unravell  Hex/Tmut       #.........   100%        5    ######.


Dungeon Overview and Level Annotations

Branches:
Dungeon (10/15)            Temple (1/1) D:5            Lair (0/6) D:9
  Sewer (visited)
    Orc: D:9-12

Altars:
Ashenzari
Cheibriados
Dithmenos
Elyvilon
Fedhas
Gozag
Hepliaklqana
Kikubaaqudgha
Makhleb
Nemelex Xobeh
Okawaru
Qazlal
Ru
Sif Muna
Trog
Uskayaw
Vehumet
Wu Jian
Xom
Yredelemnul
Zin
The Shining One


Message History

* * * LOW HITPOINT WARNING * * *
The vampire bites you but does no damage.
You slash the vampire!
The vampire is almost destroyed.
The vampire casts a spell at you. You resist with some effort.
You closely miss the vampire.
The vampire is almost destroyed.
You block the vampire's attack. x2
The vampire casts a spell at you. You resist with some effort.
You completely miss the vampire.
The vampire is almost destroyed.
The vampire is infused with unholy energy.
* * * LOW HITPOINT WARNING * * *
The vampire draws life force from you and is healed!
You closely miss the vampire.
The vampire is severely damaged.
The vampire is infused with unholy energy.
You die...

#...# ###..............####(
#.(.####...###.#.###....#.)..
#...##...### #.#..........###
##.....### #.#####.>...####
#..#### #.# ###)...... ....##
###.######....#### ####.
#(..##.......## #. ##
#V####.....#.# ## .. .. #@#
#..####.# ##. #< #.
###<####..# #.# #.. #.# #.
#...##....# #.# #.# #.###.
##.##...##.# #.# #.#
#.....##..#..###..# #.###.#
#..###......## #.## #.##..#
#.........######.# #.#..##
##...##.#### #.)..# #.#.##
##...<#..# ##)#### #.#.#


You could see a vampire.

Vanquished Creatures
  A two-headed ogre (D:10)
  Prince Ribbit (D:6)
  A hornet (D:7)
  3 hippogriffs (D:7)
  A wyvern (D:10)
  A water moccasin (D:7)
  6 orc warriors
  5 ice beasts
  4 sky beasts
  4 necrophages
  7 ogres
  3 phantoms
  An eye of draining (D:9)
  5 centaurs
  A crocodile (D:8)
  Blork the orc (D:5)
  7 big kobolds (Sewer)
  7 bullfrogs
  A gnoll sergeant (D:10)
  A water moccasin zombie (D:5)
  3 scorpions
  12 killer bees
  6 howler monkeys
  5 crimson imps
  10 hounds
  2 jellies
  8 orc priests
  2 bullfrog skeletons
  11 orc wizards
  A gnoll shaman (D:5)
  Jessica (D:2)
  Terence (D:2)
  4 iguanas
  4 worker ants
  A killer bee zombie (D:8)
  A hound zombie (D:6)
  4 worker ant zombies
  4 river rats (Sewer)
  15 adders
  13 gnolls
  A shadow imp (Temple)
  3 oozes (Sewer)
  An adder zombie (D:4)
  3 adder skeletons
  3 worms (Sewer)
  2 dart slugs (D:3)
  8 leopard geckos
  26 orcs
  5 bats
  9 giant cockroaches
  14 goblins
  10 hobgoblins
  19 jackals
  10 kobolds
  5 quokkas
  5 ball pythons
  2 frilled lizards
  A giant cockroach zombie (D:5)
  A leopard gecko skeleton (D:6)
  2 quokka zombies
  10 rats
309 creatures vanquished.

Vanquished Creatures (others)
  An orc wizard (D:10)
1 creature vanquished.

Grand Total: 310 creatures vanquished

Notes
Turn   | Place    | Note
-------+----------+-------------------------------------------
     0 | D:1      | Error4North the Hill Orc Fighter began the quest for the
                  | Orb.
     0 | D:1      | Reached XP level 1. HP: 19/19 MP: 1/1
   132 | D:1      | Reached XP level 2. HP: 27/27 MP: 2/2
   365 | D:1      | Reached skill level 3 in Axes
   518 | D:1      | Reached XP level 3. HP: 33/33 MP: 3/3
  1005 | D:2      | Noticed Jessica
  1010 | D:2      | Killed Jessica
  1010 | D:2      | Reached XP level 4. HP: 40/40 MP: 4/4
  1217 | D:2      | Noticed Terence
  1232 | D:2      | Killed Terence
  1272 | D:2      | Found a snail-covered altar of Cheibriados.
  1544 | D:3      | Reached skill level 4 in Axes
  1561 | D:3      | Reached XP level 5. HP: 39/46 MP: 5/5
  1765 | D:3      | Noticed a sky beast
  1780 | D:3      | Killed a sky beast
  1780 | D:3      | Reached skill level 1 in Slings
  1836 | D:3      | Reached XP level 6. HP: 52/52 MP: 6/6
  2378 | D:4      | Reached skill level 1 in Spellcasting
  2390 | D:4      | Noticed a phantom
  2451 | D:4      | Reached skill level 5 in Axes
  2481 | D:4      | Killed a phantom
  2481 | D:4      | Reached skill level 5 in Shields
  2481 | D:4      | Reached XP level 7. HP: 21/60 MP: 8/8
  2524 | D:4      | Reached skill level 5 in Armour
  2643 | D:4      | Found a hazy altar of Hepliaklqana.
  2678 | D:4      | Found a glowing drain.
  2707 | Sewer    | Entered a sewer
  2975 | Sewer    | Reached XP level 8. HP: 67/67 MP: 10/10
  3088 | Sewer    | Reached skill level 6 in Axes
  3367 | Sewer    | Reached skill level 5 in Fighting
  3803 | D:4      | Found a radiant altar of Vehumet.
  4309 | D:5      | Entered Level 5 of the Dungeon
  4326 | D:5      | Found a staircase to the Ecumenical Temple.
  4337 | Temple   | Entered the Ecumenical Temple
  4352 | Temple   | Became a worshipper of Warmaster Okawaru
  4417 | Temple   | Reached skill level 1 in Dodging
  4686 | D:5      | Reached XP level 9. HP: 65/74 MP: 13/13
  4690 | D:5      | Reached skill level 7 in Axes
  4707 | D:5      | Found a basalt altar of Yredelemnul.
  4724 | D:5      | Noticed Blork the orc
  4747 | D:5      | Killed Blork the orc
  4757 | D:5      | Reached skill level 1 in Evocations
  4897 | D:5      | Reached * piety under Okawaru
  5114 | D:5      | Found a sparkling altar of Nemelex Xobeh.
  5114 | D:5      | Found an opulent altar of Gozag.
  5620 | D:6      | Noticed Prince Ribbit
  5642 | D:6      | Reached skill level 1 in Invocations
  5654 | D:6      | Found a shadowy altar of Dithmenos.
  5863 | D:6      | Reached skill level 8 in Axes
  6220 | D:6      | Reached ** piety under Okawaru
  6429 | D:6      | Killed Prince Ribbit
  6429 | D:6      | Reached XP level 10. HP: 83/83 MP: 13/16
  6580 | D:6      | Found a blossoming altar of Fedhas.
  6593 | D:6      | Reached skill level 9 in Axes
  7312 | D:7      | Reached skill level 1 in Stealth
  7378 | D:7      | Reached *** piety under Okawaru
  7389 | D:7      | Found a white marble altar of Elyvilon.
  7861 | D:7      | Found a burning altar of Makhleb.
  7910 | D:7      | Found a bloodstained altar of Trog.
  8250 | D:7      | Found a shimmering altar of Xom.
  8281 | D:7      | Paralysed by a hornet for 2 turns
  8876 | D:8      | Reached skill level 1 in Throwing
  9124 | D:8      | Reached XP level 11. HP: 87/91 MP: 17/17
  9467 | D:9      | Found a glowing golden altar of the Shining One.
  9569 | D:9      | Reached **** piety under Okawaru
  9576 | D:9      | Found a white marble altar of Elyvilon.
  9687 | D:9      | Found a staircase to the Lair.
 10015 | D:9      | Reached skill level 10 in Axes
 10154 | D:10     | Entered Level 10 of the Dungeon
 10157 | D:10     | Got an ancient mace
 10303 | D:10     | Noticed a two-headed ogre
 10313 | D:10     | Killed a two-headed ogre
 10313 | D:10     | Reached skill level 5 in Invocations
 10605 | D:10     | Killed from afar by a vampire

Levels and vault maps discovered:
D:1:      ncdulo_smallfort, layout_loops_ring
D:2:      layout_rooms, cheibriados_altar_1, uniq_jessica, uniq_terence
D:3:      layout_basic, feat_on_display
D:4:      minmay_angry_zag, layout_basic, lemuel_coloured_pillars_altar,
          lemuel_doored_altar, portal_sewer_entry_f, first_ration,
          minmay_ogre_servants
D:5:      layout_cave_pools, grunt_temple_overflow_opulence, kennysheep_mini,
          minmay_temple_entry_wispy, serial_park_tiny_pond, uniq_blork_the_orc
D:6:      layout_loops_corners, fedhas_altar_fruit_tree, grunt_dithmenos_smoke,
          uniq_prince_ribbit1
D:7:      layout_rooms, overflow_temple_1_default, bloody_makhleb,
          kennysheep_little_box, chequers_arboretum, elyvilon_altar_5
D:8:      layout_loops_ring, grunt_ogre_cave
D:9:      layout_roguey, marbit_many_paths, lemuel_round_altar,
          dpeg_oklobed_lair
D:10:     layout_rooms
Temple:   compressed_dpeg_triangle_lava_temple

Skill      XL: |  1  2  3  4  5  6  7  8  9 10 11 |
---------------+----------------------------------+-----
Axes           | 3 4 5 6 8 9 10 | 10.2
Armour         | 4 5 6 7 |  7.7
Shields        | 4 5 6 7 8 9 |  9.4
Fighting       | 4 5 6 7 |  7.4
Slings         | 1 2 3 4 |  4.3
Spellcasting   | 1 3 4 |  4.9
Dodging        | 1 2 |  2.0
Evocations     | 2 |  2.0
Invocations    | 2 4 5 |  5.1
Stealth        | 2 |  2.7
Throwing       | 1 |  1.1

Action                   |  1- 3 |  4- 6 |  7- 9 | 10-12 || total
-------------------------+-------+-------+-------+-------++-------
Melee: War axe           |    84 |   125 |   524 |   420 ||  1153
       Hand axe          |       |       |       |   115 ||   115
       Spear             |       |       |       |     9 ||     9
 Fire: Hunting sling     |     1 |    53 |    86 |    88 ||   228
Throw: Stone             |    34 |     3 |    15 |    36 ||    88
Invok: Heroism           |       |       |     3 |     8 ||    11
Evoke: Wand              |       |       |     1 |     2 ||     3
  Use: Potion            |       |       |     5 |     7 ||    12
       Scroll            |       |       |       |     2 ||     2
  Eat: Chunk             |       |     5 |     4 |     3 ||    12
       Ration            |       |       |     3 |     3 ||     6
Armor: Scale mail        |    16 |       |       |       ||    16
       Chain mail        |    41 |    80 |   297 |    98 ||   516
       Plate armour      |       |       |       |   227 ||   227
       Skin              |       |       |       |    16 ||    16
Dodge: Dodged            |    24 |    29 |   127 |   148 ||   328
Block: Shield            |    41 |    74 |   288 |   341 ||   744

Table legend:
 A = Non-vault XP
 B = Vault XP
 C = Vault XP percentage of total XP
 D = Non-vault monster count
 E = Vault monster count
 F = Vault count percentage of total count
                 A         B        C        D         E       F
            +---------+---------+-------+---------+---------+-------
      Total |   11108 |    1612 |  12.7 |     258 |      52 |  16.8
            +---------+---------+-------+---------+---------+-------
        D:1 |      52 |       0 |   0.0 |      31 |       0 |   0.0
        D:2 |      16 |      73 |  82.0 |       9 |       2 |  18.2
        D:3 |     262 |       0 |   0.0 |      26 |       0 |   0.0
        D:4 |     721 |     212 |  22.7 |      26 |      18 |  40.9
        D:5 |    1005 |      96 |   8.7 |      30 |       1 |   3.2
        D:6 |    1726 |     283 |  14.1 |      33 |       1 |   2.9
        D:7 |    2428 |       0 |   0.0 |      28 |       0 |   0.0
        D:8 |    1477 |     118 |   7.4 |      31 |       1 |   3.1
        D:9 |    1312 |       3 |   0.2 |      24 |       1 |   4.0
       D:10 |    1977 |       0 |   0.0 |      18 |       0 |   0.0
     Temple |     132 |       0 |   0.0 |       2 |       0 |   0.0
      Sewer |       0 |     827 | 100.0 |       0 |      28 | 100.0
            +---------+---------+-------+---------+---------+-------
